Map: Orbital Shipyard

Players

LilDicky - Winner!

  • Race: Terran Terran
  • League: Diamond

Bracktimus

  • Race: Terran Terran
  • League: Diamond

VOD

http://www.twitch.tv/tumescentpie

Description

Time

  • Played on: Dec. 8, 2015, 6:21 a.m.
  • Length: 12:38
Show
View Real Time Build Order
Export as new Build Order

LilDicky Terran - Winner!

Build Orders: Reaper Expand, Mech, Banshee Rush 

Get SALT Encoding   

  12  0:01  SCV  
  13  0:13  SCV  
  14  0:18  Supply Depot  
  14  0:26  SCV  
  15  0:40  SCV  
  15  0:42  Barracks  
  16  0:49  Refinery  
  16  0:52  SCV  
  17  1:04  SCV  
  18  1:18  SCV  
  19  1:35  Reaper  
  19  1:37  Orbital Command  
  19  1:38  Supply Depot  
  20  1:53  Command Center  
  20  2:07  Marine  
  21  2:08  Refinery  
  21  2:18  Factory  
  21  2:20  SCV  
  22  2:27  Marine  
  23  2:45  Marine  
  23  2:51  SCV  
  24  3:02  Hellion, Marine  
  24  3:03  SCV  
  28  3:06  Starport  
  28  3:09  Orbital Command  
  28  3:20  Marine  
  28  3:21  SCV  
  30  3:30  Factory Tech Lab  
  30  3:38  Marine  
  31  3:41  SCV  
  31  3:42  SCV  
  33  3:50  Factory  
  33  3:53  SCV  
  33  3:54  SCV, Refinery  
  35  3:57  Banshee, Cloaking Field  
  35  3:58  Factory Tech Lab  
  35  4:00  Marine  
  39  4:05  SCV  
  39  4:06  SCV  
  41  4:17  Marine  
  41  4:18  SCV x2  
  41  4:22  Engineering Bay  
  44  4:29  Supply Depot  
  44  4:34  SCV x2  
  44  4:35  Factory Tech Lab, Supply Depot  
  46  4:45  Banshee, Siege Tank, Marine  
  53  4:49  SCV  
  53  4:51  Missile Turret  
  54  4:54  Missile Turret  
  54  4:57  Supply Depot  
  54  4:58  Siege Tank  
  57  5:00  SCV  
  57  5:03  Marine  
  57  5:05  SCV  
  60  5:12  SCV  
  61  5:18  SCV  
  61  5:20  Supply Depot, Marine  
  63  5:43  Banshee  
  63  5:44  Marine  
  67  5:52  Siege Tank x2  
  73  6:08  SCV x2  
  75  6:13  Marine  
  75  6:17  Command Center  
  76  6:20  SCV x2, Missile Turret  
  76  6:22  Missile Turret  
  76  6:24  Siege Tank  
  81  6:31  Marine  
  81  6:32  Supply Depot  
  82  6:39  Siege Tank  
  85  6:49  Marine  
  86  6:56  Siege Tank  
  89  7:06  Marine  
  87  7:17  Viking  
  84  7:24  Marine  
  84  7:27  Command Center, Siege Tank  
  88  7:31  Factory  
  88  7:33  Starport  
  88  7:42  Marine  
  89  7:49  Siege Tank  
  89  7:59  Orbital Command  
  89  8:00  SCV x2, Marine  
  92  8:25  SCV  
  90  8:45  Marine  
  90  8:46  Siege Tank x2  
  90  8:48  Factory Tech Lab  
  96  8:49  Viking x2  
  100  9:03  Marine  
  100  9:04  Command Center, SCV  
  100  9:09  Barracks  
  102  9:11  SCV  
  102  9:13  Barracks  
  102  9:16  SCV  
  104  9:18  Siege Tank  
  104  9:20  Marine  
  104  9:23  SCV  
  109  9:26  Siege Tank x2  
  109  9:27  Supply Depot  
  109  9:28  Supply Depot  
  109  9:30  Viking, Refinery  
  117  9:36  Refinery  
  117  9:48  Marine  
  100  10:06  Marine  
  96  10:11  Siege Tank x3  
  103  10:21  Starport Tech Lab  
  102  10:23  Banshee  
  102  10:43  Siege Tank  
  102  11:00  Siege Tank  
  108  11:07  Orbital Command  
  108  11:11  Orbital Command  
  108  11:16  Viking x2  
  112  11:19  Siege Tank  
  105  11:25  Command Center  
  105  11:55  Missile Turret x2  
  105  11:56  Missile Turret x2  
  105  12:06  Missile Turret x2  
  105  12:08  Missile Turret  
  105  12:09  Missile Turret  
Show
View Real Time Build Order
Export as new Build Order

Bracktimus Terran 

Build Orders: Reaper Expand, Bio Tank 

Get SALT Encoding   

  12  0:00  SCV  
  13  0:13  SCV  
  14  0:18  Supply Depot  
  14  0:28  SCV  
  15  0:40  SCV, Barracks  
  16  0:45  Refinery  
  16  0:52  SCV  
  17  1:04  SCV  
  18  1:16  SCV  
  19  1:19  Barracks  
  19  1:29  Orbital Command  
  19  1:46  Reaper  
  19  1:58  Command Center  
  19  2:03  SCV  
  19  2:08  Barracks Reactor  
  20  2:15  SCV  
  21  2:27  SCV  
  21  2:29  Factory  
  22  2:33  Marine  
  23  2:55  Barracks Tech Lab  
  23  3:00  Supply Depot  
  23  3:10  SCV, Marine x2  
  23  3:12  Supply Depot  
  26  3:14  Refinery, Engineering Bay  
  26  3:17  Factory Tech Lab  
  26  3:18  Barracks  
  26  3:21  Orbital Command  
  26  3:34  SCV  
  26  3:42  Marine x2  
  26  3:43  Stimpack  
  26  3:46  SCV  
  29  3:56  Starport  
  29  3:58  SCV  
  29  3:59  SCV, Marine  
  29  4:00  Marine  
  33  4:07  Barracks Reactor  
  33  4:10  SCV  
  33  4:11  SCV  
  33  4:16  Marauder  
  37  4:17  Marine x2  
  37  4:23  SCV  
  37  4:24  SCV  
  41  4:26  Refinery  
  41  4:35  SCV, Marine x2  
  41  4:36  SCV  
  45  4:40  Siege Tank  
  48  4:48  SCV x2  
  48  4:49  Refinery  
  48  4:51  Marine, Starport Reactor  
  48  4:52  Marine x2  
  53  4:56  Supply Depot  
  53  4:59  Supply Depot  
  53  5:00  SCV  
  54  5:07  Terran Infantry Weapons Level 1  
  54  5:17  Marine x4  
  54  5:18  SCV  
  54  5:20  Supply Depot  
  59  5:23  Supply Depot  
  55  5:29  Viking  
  55  5:35  Missile Turret  
  56  5:37  Missile Turret  
  56  5:38  Marine x4  
  57  5:48  SCV x2  
  59  5:51  Marine  
  59  5:56  Marine x2  
  62  6:02  Barracks  
  59  6:07  SCV x2  
  61  6:17  Marine x4  
  65  6:18  Raven  
  65  6:19  SCV x2  
  65  6:21  Hellion x2  
  73  6:31  SCV x2  
  73  6:32  Marine  
  75  6:35  Marine x4  
  78  6:52  Marine x2  
  78  6:53  Marine x2  
  77  7:01  Medivac  
  77  7:07  SCV  
  77  7:08  SCV  
  81  7:10  Command Center  
  81  7:20  SCV x2  
  82  7:24  Barracks Reactor  
  82  7:32  SCV x2  
  82  7:33  Barracks  
  82  7:35  Factory Tech Lab, Supply Depot  
  82  7:36  Supply Depot  
  84  7:38  Supply Depot, Factory  
  84  7:51  SCV  
  84  7:52  SCV  
  84  7:54  Terran Infantry Armor Level 1  
  84  7:56  Marine x4  
  84  7:57  Siege Tank  
  93  8:04  SCV x2, Supply Depot  
  95  8:11  Marine  
  96  8:14  Marine x4  
  96  8:20  Marine x2  
  98  8:29  Marine  
  98  8:32  Marine x3  
  92  8:50  Marine  
  92  8:51  Marine x5  
  92  8:52  Siege Tank  
  92  8:54  Factory Tech Lab  
  101  9:04  Marine  
  101  9:05  Armory  
  101  9:08  Marine x2  
  104  9:11  Orbital Command  
  104  9:12  Refinery  
  104  9:15  Refinery  
  104  9:16  Medivac x2  
  108  9:19  Siege Tank  
  108  9:21  Marine x3  
  114  9:24  Siege Tank  
  114  9:26  Supply Depot  
  114  9:27  SCV  
  114  9:28  SCV  
  114  9:31  Supply Depot  
  119  9:32  Marine x4  
  119  9:36  Combat Shields  
  123  9:39  SCV, Marine x3, Marauder  
  123  9:40  SCV  
  130  9:49  Marine  
  130  9:50  Marine  
  89  10:00  Marine, Marauder  
  89  10:01  Marine x4  
  91  10:07  Marine x2  
  91  10:10  Siege Tank x2  
  91  10:11  Viking x2  
  103  10:18  Marine x2  
  103  10:19  Marine  
  103  10:21  Marine x2  
  103  10:22  Marauder  
  103  10:25  Marine  
  108  10:35  Marine  
  109  10:36  Marine x3  
  109  10:39  Marine  
  109  10:41  Viking  
  109  10:42  Viking, Siege Tank x2  
  123  10:43  Marauder, Marine x2  
  127  10:53  Marine  
  127  10:54  Marine x3  
  126  11:03  Marine  
  126  11:04  Marauder, Marine x2  
  127  11:10  Marine  
  129  11:11  Viking  
  129  11:12  Viking, Marine x3  
  129  11:14  Siege Tank x2  
  137  11:26  Marauder  
  137  11:32  Marine  
  136  11:33  Marine x6  
  143  11:46  Siege Tank x2  
  149  11:50  Supply Depot  
  149  11:54  Marine x3  
  149  12:00  Missile Turret  
  149  12:02  Marine x3  
  149  12:09  Marine x2  
  149  12:12  Marine x3  
  148  12:19  Marine x3  
Tags
 
Add a new tag
Caveats
  • Supply blocks, unpowered buildings, or Contaminate may cause inaccurate times.
  • Supply counts are checked every 10 seconds.